 Dungeon Crawl Stone Soup version 0.19-a0-465-g1d1674b (webtiles) character file.

3103 protoss039 the Blocker (level 9, -8/55 HPs)
             Began as a Gargoyle Fighter on June 3, 2016.
             Was a Priest of Okawaru.
             Killed from afar by an orc wizard (11 damage)
             ... with a puff of flame
             ... on level 9 of the Dungeon.
             The game lasted 00:55:10 (9653 turns).

protoss039 the Blocker (Gargoyle Fighter)           Turns: 9653, Time: 00:55:10

Health: -8/55      AC: 21    Str: 25    XL:     9   Next: 90%
Magic:  12/12      EV:  7    Int: 10    God:    Okawaru [***...]
Gold:   319        SH: 11    Dex:  9    Spells: 0 memorised, 8 levels left

rFire  . . .     SeeInvis .     L - +1 whip (elec)
rCold  . . .     Gourm    .     d - +0 plate armour
rNeg   + . .     Faith    .     c - +0 shield
rPois  ∞         Spirit   .     (no helmet)
rElec  +         Dismiss  .     n - +0 cloak {rPois}
rCorr  .         Reflect  .     Q - +0 pair of gloves
SustAt +         Harm     .     (no boots)
MR     .....                    (no amulet)
Stlth  ..........               G - +3 ring of strength
                                j - ring of sustain attributes

@: not resistant to hostile enchantments, extremely unstealthy
A: negative energy resistance 1, electricity resistance, wild magic 1,
unbreathing, petrification resistance, rot immunity, AC +5
a: Heroism, Renounce Religion


You were on level 9 of the Dungeon.
You worshipped Okawaru.
Okawaru was most pleased with you.
You were very hungry.

You visited 2 branches of the dungeon, and saw 10 of its levels.

You collected 409 gold pieces.
You spent 90 gold pieces at shops.

Inventory:

Hand Weapons
 L - a +1 whip of electrocution (weapon)
Armour
 c - a +0 shield (worn)
 d - a +0 plate armour (worn)
 n - a +0 cloak of poison resistance (worn)
 Q - a +0 pair of gloves (worn)
Jewellery
 j - a ring of sustain attributes (left hand)
 A - an uncursed ring of protection from cold
 G - a +3 ring of strength (right hand)
Wands
 o - a wand of disintegration (10/24)
 r - a wand of teleportation (8/9)
 t - a wand of confusion (10/48)
 w - a wand of slowing (43/48)
 x - a wand of slowing (9/48)
 y - a wand of random effects (10/48)
 J - a wand of iceblast (7/15)
 K - a wand of paralysis (14/24)
Scrolls
 b - 4 scrolls of identify
 g - 3 scrolls of magic mapping
 h - a scroll of enchant weapon {unknown}
 p - a scroll of silence {unknown}
 q - 2 scrolls of teleportation
 u - a scroll of recharging
 z - a scroll of immolation
 B - a scroll of enchant armour {unknown}
 D - a scroll of remove curse
 H - a scroll of vulnerability {unknown}
 I - a scroll of acquirement {unknown}
Potions
 e - a potion of lignification
 k - a potion of magic {unknown}
 s - a potion of mutation {unknown}
 v - a potion of flight
 C - a potion of invisibility {unknown}
 E - a potion of berserk rage
 F - a potion of ambrosia {unknown}
 M - a potion of heal wounds {unknown}
Books
 P - a book of Party Tricks

   Spells                             Type                      Level
   a - Summon Butterflies             Summoning                    1
   b - Apportation                    Translocation                1
   c - Tukima's Dance                 Hexes                        3
   d - Alistair's Intoxication        Transmutation/Poison         5
   e - Invisibility                   Hexes                        6
Comestibles
 f - 8 bread rations
 l - 3 meat rations
 N - a fruit


   Skills:
 + Level 6.0 Fighting
 + Level 7.0 Maces & Flails
 * Level 7.0 Armour
 - Level 3.0 Dodging
 + Level 8.2 Shields
 * Level 4.2 Invocations
 * Level 1.4 Evocations


You had 8 spell levels left.
You didn't know any spells.

Dungeon Overview and Level Annotations

Branches:
Dungeon (9/15)             Temple (1/1) D:4
   Lair: D:8-11         Orc: D:9-12

Altars:
Ashenzari
Dithmenos
Fedhas
Gozag
Hepliaklqana
Okawaru
Qazlal
Ru
Sif Muna
Trog
Vehumet
Xom
Yredelemnul

Shops:
D:7 [

Annotations:
D:3 Blork the orc
D:6 Kenran's ghost, novice NaMo


Innate Abilities, Weirdness & Mutations

You are resistant to torment.
Your stone body is resilient. (AC +5)
You are immune to poison.
You resist negative energy. (rN+)
You are resistant to electric shocks. (rElec)
You can survive without breathing.
You are immune to petrification.
You are immune to rotting.
Your spells are a little harder to cast, but a little more powerful.


Message History

The orc wizard casts a spell at you. The puff of flame hits you!
* * * LOW HITPOINT WARNING * * *
Unknown command.
You block the orc wizard's attack.
The orc wizard gestures at you while chanting.
You block the puff of flame.
The orc wizard casts a spell.
The orc wizard flickers and vanishes!
Deactivating autopickup; reactivate with Ctrl-A.
A magic dart appears from out of thin air!
The magic dart hits you! Something hits you but does no damage.
You hear some strange, mumbled words.
A puff of frost appears from out of thin air!
The puff of frost hits you!
You hear some strange, mumbled words.
A puff of flame appears from out of thin air!
The puff of flame hits you!
You die...

.!.
##########
...########
#§§§o{...#
......o.).#
#§######.#
..#.#####.#
#§#.####.#
#.# #o#
#.#....o.#
..# #.#
#o#.####.#
.###
#.####.#.#
### #.
#[o....#.#
#
########@#
#.# #.# #<#
###


There were no monsters in sight!

Vanquished Creatures
  Pikel (D:8)
  A hungry ghost (D:9)
  The ghost of tstbtto the Chopper, an amateur GrGl of Trog (D:4)
  A water moccasin (D:6)
  An orc warrior (D:7)
  3 sky beasts
  A slave (D:8)
  3 phantoms
  4 centaurs
  A big kobold (D:7)
  2 giant frogs
  4 scorpions
  3 wights (D:7)
  A centaur zombie (D:5)
  2 crimson imps (D:8)
  A quasit (D:8)
  5 orc wizards
  A giant frog skeleton (D:8)
  A jelly (D:6)
  4 hounds
  Natasha (thrice) (D:3)
  An iguana (D:6)
  2 worker ants
  A killer bee zombie (D:6)
  A hound zombie (D:5)
  2 hound skeletons
  A worker ant zombie (D:7)
  A river rat (D:6)
  2 adders
  3 oozes
  2 worms (D:3)
  A dart slug (D:1)
  6 giant geckos
  13 orcs
  3 ball pythons
  4 bats
  4 giant cockroaches
  10 goblins
  6 hobgoblins
  6 jackals
  A quokka (D:2)
  6 giant newts
  2 jackal skeletons
  10 kobolds
  10 rats
  A butterfly (D:6)
143 creatures vanquished.

Vanquished Creatures (others)
  A giant frog (D:8)
  An orc wizard (D:9)
  A giant gecko (D:5)
3 creatures vanquished.

Grand Total: 146 creatures vanquished

Notes
Turn   | Place    | Note
--------------------------------------------------------------
     0 | D:1      | protoss039 the Gargoyle Fighter began the quest for the Orb.
     0 | D:1      | Reached XP level 1. HP: 14/14 MP: 1/1
   269 | D:1      | Reached XP level 2. HP: 19/19 MP: 2/2
   564 | D:1      | Reached XP level 3. HP: 23/23 MP: 3/3
   995 | D:2      | Found a shattered altar of Ashenzari.
  1095 | D:2      | Reached skill level 4 in Shields
  1171 | D:2      | Found a bloodstained altar of Trog.
  1175 | D:2      | Reached skill level 1 in Dodging
  1576 | D:3      | Reached XP level 4. HP: 25/28 MP: 4/4
  1889 | D:3      | Noticed Natasha
  1891 | D:3      | Reached XP level 5. HP: 33/33 MP: 5/5
  1902 | D:3      | Killed Natasha
  1902 | D:3      | Noticed Natasha
  1914 | D:3      | Killed Natasha
  1930 | D:3      | Noticed Natasha
  1939 | D:3      | Killed Natasha
  2366 | D:3      | Noticed Blork the orc
  2377 | D:3      | Found a deep blue altar of Sif Muna.
  2553 | D:3      | Reached XP level 6. HP: 34/38 MP: 6/6
  2734 | D:4      | Found a staircase to the Ecumenical Temple.
  2742 | D:4      | Noticed tstbtto's ghost (amateur GrGl)
  2742 | Temple   | Entered the Ecumenical Temple
  2748 | Temple   | Became a worshipper of Warmaster Okawaru
  3054 | D:4      | Killed tstbtto's ghost
  3292 | D:4      | Reached skill level 5 in Shields
  3419 | D:4      | Found a sacrificial altar of Ru.
  3817 | D:5      | Entered Level 5 of the Dungeon
  3895 | D:5      | Noticed a phantom
  3948 | D:5      | Killed a phantom
  3948 | D:5      | Reached * piety under Okawaru
  3948 | D:5      | Reached XP level 7. HP: 11/43 MP: 7/7
  4384 | D:5      | Got a faintly glowing robe
  4673 | D:5      | Found a stormy altar of Qazlal.
  4700 | D:5      | Found a shadowy altar of Dithmenos.
  4725 | D:5      | Reached skill level 5 in Armour
  4921 | D:5      | Found a stormy altar of Qazlal.
  4921 | D:5      | Found a radiant altar of Vehumet.
  5016 | D:6      | Reached XP level 8. HP: 46/48 MP: 8/8
  5030 | D:6      | Noticed Kenran's ghost (novice NaMo)
  5523 | D:6      | Reached skill level 5 in Maces & Flails
  5568 | D:6      | Reached skill level 1 in Invocations
  5659 | D:6      | Reached ** piety under Okawaru
  5674 | D:6      | Found a shimmering altar of Xom.
  5791 | D:6      | Reached skill level 6 in Shields
  6032 | D:6      | Found a hazy altar of Hepliaklqana.
  6713 | D:6      | Reached skill level 5 in Fighting
  7140 | D:7      | Found Tittiad's Antique Armour Shoppe.
  7144 | D:7      | Bought a glowing cloak for 90 gold pieces
  7447 | D:7      | Reached XP level 9. HP: 43/54 MP: 11/11
  7711 | D:7      | Reached skill level 7 in Shields
  8074 | D:8      | Noticed Pikel
  8501 | D:8      | Gained mutation: You have large cloven feet. [mutagenic meat]
  8502 | D:8      | Gained mutation: You are weak. (Str -2) [mutagenic meat]
  8503 | D:8      | Gained mutation: Your spells are a little harder to cast, but a little more powerful. [mutagenic meat]
  8504 | D:8      | Gained mutation: You are clumsy. (Dex -2) [mutagenic meat]
  8505 | D:8      | Gained mutation: You are very weak. (Str -4) [mutagenic meat]
  8506 | D:8      | Lost mutation: You are clumsy. (Dex -2) [mutagenic meat]
  8507 | D:8      | Lost mutation: You are very weak. (Str -4) [potion of cure mutation]
  8507 | D:8      | Lost mutation: You are weak. (Str -2) [potion of cure mutation]
  8507 | D:8      | Lost mutation: You have large cloven feet. [potion of cure mutation]
  8732 | D:8      | Found a stormy altar of Qazlal.
  8775 | D:8      | Killed Pikel
  8775 | D:8      | Reached *** piety under Okawaru
  8960 | D:8      | Reached skill level 8 in Shields
  8960 | D:8      | Reached skill level 1 in Evocations
  9636 | D:9      | HP: 1/55 [orc priest/divine providence (10)]
  9641 | D:9      | HP: 1/55 [orc wizard/puff of flame (1)]
  9653 | D:9      | Killed from afar by an orc wizard

Vault maps used:
D:1:      minmay_arrival_jagged
D:2:      old_standard_altar, lemuel_coloured_pillars_altar
D:3:      tgw_sif, first_bread, uniq_natasha
D:4:      nicolae_ru_awakened_eye, minmay_temple_entry_junction
D:5:      grunt_dithmenos_shadows, gammafunk_temple_overflow_elements,
          grunt_qazlal_clouds
D:6:      kennysheep_mini, xom_butterflies, gup_sewer_entry_bowl
D:7:      serial_shops, shop_statue
D:8:      basic_altar, uniq_pikel
D:9:      lemuel_zombie_altar_kikubaaqudgha
Temple:   zaba_magenta_temple_12

Skill      XL: |  1  2  3  4  5  6  7  8  9 |
---------------+----------------------------+-----
Shields        | 4 5 6 8 |  8.2
Dodging        | 1 2 3 |  3.0
Maces & Flails | 3 4 6 7 |  7.0
Fighting       | 4 5 6 |  6.0
Armour         | 4 5 6 7 |  7.0
Invocations    | 2 4 |  4.2
Evocations     | 1 |  1.4

Action                   |  1- 3 |  4- 6 |  7- 9 || total
-------------------------+-------+-------+-------++-------
Melee: Flail             |   197 |   209 |   553 ||   959
       Whip              |       |       |    65 ||    65
Evoke: Wand              |       |       |     9 ||     9
  Use: Scroll            |     3 |     1 |    14 ||    18
       Potion            |       |     1 |     9 ||    10
  Eat: Chunk             |     2 |     5 |    14 ||    21
       Fruit             |       |     4 |     6 ||    10
       Royal jelly       |       |     1 |       ||     1
       Meat ration       |       |       |     1 ||     1
       Beef jerky        |       |       |     1 ||     1
Armor: Scale mail        |    13 |       |       ||    13
       Chain mail        |   119 |   120 |    31 ||   270
       Plate armour      |       |       |   459 ||   459
       Skin              |       |       |    17 ||    17
Dodge: Dodged            |    62 |    55 |   172 ||   289
Block: Shield            |   126 |    97 |   418 ||   641
